Heat vs Silver Tips

Created - April 28, 2024 at 21:02

Goals
1 2 3 T
Heat 2 0 0 2
Silver Tips 1 1 1 3
Shots
1 2 3 T
Heat 11 11 17 39
Silver Tips 4 4 11 19

1st period

1. Heat , Zac Dalpe 1 (Cam York 3, Chris Terry 2) at 9:18
2. Silver Tips , Patrick Maroon 1 (Michael Kesselring 1) at 15:23
3. Heat , Andrew Agozzino 1 (Sam Gagner 1, Marcus Bjork 1) at 19:04

Penalties :
Patrick Maroon (EVT) for Roughing (Minor) at 9:19, Patrick Maroon (EVT) for Roughing (Minor) at 19:23

2nd period

4. Silver Tips , Raphael Lavoie 1 (Adam Ginning 1, Connor Brown 2) at 9:03

Penalties :
Michael Kesselring (EVT) for Interference (Minor) at 2:10, Adam Cracknell (EVT) for Roughing (Minor) at 13:21

3rd period

5. Silver Tips , Chase De Leo 2 (Raphael Lavoie 1) at 3:40 (PP)

Penalties :
Anthony Richard (STO) for Interference (Minor) at 2:22, Filip Roos (STO) for Holding (Minor) at 11:45, Tanner Kero (STO) for Hooking (Minor) at 12:14, Calvin Pickard (STO) for Slashing (Minor) at 15:10 - Chris Terry served the penalty., Cal Clutterbuck (EVT) for Hooking (Minor) at 18:15

Goalie Stats

Calvin Pickard (STO), 16 saves from 19 shots - (0.842), L, 1-2-0, 59:09 minutes
Lukas Dostal (EVT), 37 saves from 39 shots - (0.949), W, 2-1-0, 60:00 minutes

Players Stats for Heat

Player Name              G  A  P  +/- PIM S  H  SB GA TA FO     MP     PP MP  PK MP  
------------------------------------------------------------------------------------
Andrew Agozzino          1  0  1   1  0   6  2  0  0  0  11/24  16:39   5:48   0:00 
Anthony Richard          0  0  0   1  2   3  2  0  0  0  0/2    15:22   3:52   0:00 
Cam York                 0  1  1   1  0   2  0  0  0  0  0/0    21:55   5:23   0:12 
Cameron Hughes           0  0  0   1  0   1  0  0  0  0  1/2    11:40   0:00   0:49 
Chris Terry              0  1  1   1  0   4  2  0  0  0  0/0    15:23   3:52   0:00 
Filip Roos               0  0  0  -1  2   2  1  1  0  0  0/0    18:48   4:17   0:23 
Georgii Merkulov         0  0  0  -1  0   2  1  0  0  0  10/17  13:03   0:00   2:26 
Jacob Bernard-Docker     0  0  0  -1  0   2  3  1  0  0  0/0    16:54   0:00   2:45 
Jaycob Megna             0  0  0   1  0   1  2  0  0  0  0/0    23:02   5:23   2:34 
Jayson Megna             0  0  0  -1  0   1  0  0  0  0  0/2    12:39   0:00   2:02 
Marcus Bjork             0  1  1   0  0   2  0  1  0  0  0/0    22:26   4:17   2:48 
Max McCormick            0  0  0  -1  0   2  3  0  0  0  1/2    17:24   5:48   0:00 
Nathan Walker            0  0  0  -1  0   1  2  0  0  0  1/1    12:36   0:00   1:59 
Radim Simek              0  0  0   0  0   1  3  0  0  0  0/0    16:54   0:00   2:48 
Sam Gagner               0  1  1   1  0   3  0  0  0  0  1/1    16:39   5:48   0:00 
Tanner Kero              0  0  0  -1  2   2  0  0  0  0  6/13   13:03   0:00   1:27 
Tyler Pitlick            0  0  0  -1  0   3  1  0  0  0  0/2    12:52   0:00   1:16 
Zac Dalpe                1  0  1   1  0   1  3  0  0  0  11/21  15:23   3:52   0:00 

Players Stats for Silver Tips

Player Name              G  A  P  +/- PIM S  H  SB GA TA FO     MP     PP MP  PK MP  
------------------------------------------------------------------------------------
Adam Cracknell           0  0  0  -2  2   1  1  0  0  0  0/0    16:35   0:00   0:00 
Adam Ginning             0  1  1   0  0   0  2  0  0  0  0/0    20:46   3:21   4:46 
Cal Clutterbuck          0  0  0   1  2   3  1  0  0  0  3/9    19:41   2:18   1:42 
Chase De Leo             1  0  1   1  0   5  0  1  0  0  0/0    15:27   2:36   0:46 
Connor Brown             0  1  1   1  0   2  0  0  0  0  9/15   16:30   0:45   0:00 
David Jiricek            0  0  0  -1  0   0  0  0  0  0  0/0    16:36   0:06   1:21 
Gemel Smith              0  0  0   0  0   0  0  0  0  0  4/4     5:01   1:23   0:00 
Joseph Cecconi           0  0  0   0  0   0  0  2  0  0  0/0    13:52   0:00   0:39 
Michael Kesselring       0  1  1   1  2   0  1  3  0  0  0/0    23:23   2:24   3:11 
Nathan Todd              0  0  0   0  0   0  0  0  0  0  0/0     0:13   0:00   0:00 
Olle Lycksell            0  0  0   0  0   0  0  0  0  0  0/0     0:46   0:06   0:00 
Patrick Maroon           1  0  1   1  4   1  3  0  0  0  0/1    14:46   1:35   3:05 
Raphael Lavoie           1  1  2   1  0   3  0  1  0  0  8/14   21:22   3:21   6:24 
Rem Pitlick              0  0  0   1  0   0  0  1  0  0  5/21   22:49   2:18   4:49 
Samuel Fagemo            0  0  0  -2  0   0  1  0  0  0  2/2    15:44   0:00   0:00 
William Eklund           0  0  0  -2  0   3  1  1  0  0  14/21  21:22   2:53   2:34 
William Trudeau          0  0  0  -1  0   0  1  1  0  0  0/0    21:45   3:21   4:51 
Yegor Zamula             0  0  0   1  0   1  0  1  0  0  0/0    23:37   2:18   4:32 

3 Stars

1 - Lukas Dostal (EVT)
2 - Raphael Lavoie (EVT)
3 - Zac Dalpe (STO)

Power Play

Heat - 0 on 5 Attempt(s) - 0.00%
Silver Tips - 1 on 4 Attempt(s) - 25.00%

Penalty Kill

Heat - 3 on 4 Attempt(s) - 75.00% - Score 0 goal in Penalty Kill
Silver Tips - 5 on 5 Attempt(s) - 100.00% - Score 0 goal in Penalty Kill

Team Stat

Heat - Hits : 25 - Faceoff Wins : 42 - Blocked Shots : 3 - Penalty Minutes : 8
Silver Tips - Hits : 11 - Faceoff Wins : 45 - Blocked Shots : 11 - Penalty Minutes : 10

Official

Referees : Marc Joannette and Conor O'Donnell
Linesman : Justin Johnson and Jonathan Deschamps

Game Notes

No Game Note

Finance

Level 1 -- Attendance: 2000 (100.00%) -- Ticket Income $70,000
Level 2 -- Attendance: 996 (99.60%) -- Ticket Income $14,940
Total Attendance: 2996 (99.87%)
Total Ticket Income: $84,940
Other Income: $41,621
Total Income: $126,561

Heat

5 vs 5 Forward 
   Center                   Left Wing                Right Wing               Time % Phy DF OF 
 1 Andrew Agozzino          Cameron Hughes           Sam Gagner               25     0   3  2  
 2 Zac Dalpe                Chris Terry              Anthony Richard          25     0   3  2  
 3 Tanner Kero              Max McCormick            Tyler Pitlick            25     0   4  1  
 4 Georgii Merkulov         Nathan Walker            Jayson Megna             25     0   4  1  

5 vs 5 Defense 
   Defense                  Defense                                           Time % Phy DF OF 
 1 Jaycob Megna             Cam York                                          34     0   4  1  
 2 Radim Simek              Marcus Bjork                                      32     0   4  1  
 3 Jacob Bernard-Docker     Filip Roos                                        30     0   4  1  
 4 Cam York                 Marcus Bjork                                      4      0   4  1  

PowerPlay Forward 
   Center                   Left Wing                Right Wing               Time % Phy DF OF 
 1 Andrew Agozzino          Max McCormick            Sam Gagner               50     0   0  5  
 2 Zac Dalpe                Chris Terry              Anthony Richard          50     0   0  5  

PowerPlay Defense
   Defense                  Defense                                           Time % Phy DF OF 
 1 Jaycob Megna             Cam York                                          50     0   2  3  
 2 Filip Roos               Marcus Bjork                                      50     0   2  3  

Penalty Kill 4 Players Forward 
   Center                   Wing                     Time % Phy DF OF 
 1 Tanner Kero              Jayson Megna             50     0   5  0  
 2 Georgii Merkulov         Nathan Walker            50     0   5  0  

Penalty Kill 4 Players Defense
   Defense                  Defense                  Time % Phy DF OF 
 1 Jaycob Megna             Jacob Bernard-Docker     50     0   4  1  
 2 Radim Simek              Marcus Bjork             50     0   4  1  

Penalty Kill - 3 Players Forward 
   Forward                                           Time % Phy DF OF 
 1 Tanner Kero                                       50     0   5  0  
 2 Georgii Merkulov                                  50     0   5  0  

Penalty Kill - 3 Players Defense
   Defense                  Defense                  Time % Phy DF OF 
 1 Jaycob Megna             Jacob Bernard-Docker     50     0   4  1  
 2 Radim Simek              Marcus Bjork             50     0   4  1  

4 vs 4 Forward 
   Center                   Wing                     Time % Phy DF OF 
 1 Andrew Agozzino          Anthony Richard          50     0   3  2  
 2 Zac Dalpe                Max McCormick            50     0   3  2  

4 vs 4 Defense
   Defense                  Defense                  Time % Phy DF OF 
 1 Jaycob Megna             Cam York                 50     0   4  1  
 2 Filip Roos               Marcus Bjork             50     0   4  1  

Last Minutes Offensive
   Center                   Left Wing                Right Wing               Defense                  Defense                  
   Andrew Agozzino          Anthony Richard          Sam Gagner               Jaycob Megna             Cam York                 

Last Minutes Defensive
   Center                   Left Wing                Right Wing               Defense                  Defense                  
   Jayson Megna             Nathan Walker            Tyler Pitlick            Radim Simek              Jaycob Megna             

Goaltenders
Starting : Calvin Pickard           
Backup : Jaxson Stauber           

Extra Forwards
Normal : Georgii Merkulov, Nathan Walker, Jayson Megna - PP : Max McCormick, Tyler Pitlick - PK : Tyler Pitlick
Extra Defensemen
Normal : Filip Roos, Jacob Bernard-Docker, Radim Simek - PP : Radim Simek - PK : Cam York, Filip Roos
Penalty Shots
Andrew Agozzino, Chris Terry, Max McCormick, Georgii Merkulov, Sam Gagner
Custom OT Lines Forwards
Sam Gagner, Anthony Richard, Andrew Agozzino, Max McCormick, Zac Dalpe, Chris Terry, Georgii Merkulov, Cameron Hughes, Tanner Kero, Jayson Megna
Custom OT Lines Defensemen
Cam York, Jaycob Megna, Marcus Bjork, Radim Simek, Filip Roos

Scratches
Jack Dugan (Healthy), Darren Raddysh (Healthy), Angus Crookshank (Healthy), Tristen Robins (Healthy), Jiri Kulich (Healthy)
Tanner Laczynski (Healthy), Byron Froese (Healthy), Ben McCartney (Healthy), Benjamin Jones (Healthy), Cole Reinhardt (Healthy)
Michael Mersch (Healthy), Martin Pospisil (Healthy), Benjamin Gleason (Healthy), Josh Doan (Healthy), Glenn Gawdin (Healthy)
Marian Studenic (Healthy), David Farrance (Healthy), Nolan Stevens (Healthy), Semyon Der-Arguchintsev (Healthy), Chase Wouters (Healthy)
Danila Klimovich (Healthy), Declan Chisholm (Healthy), Axel Andersson (Healthy), Linus Weissbach (Healthy), Vladislav Kolyachonok (Healthy)
Jared McIsaac (Healthy)

Silver Tips

5 vs 5 Forward 
   Center                   Left Wing                Right Wing               Time % Phy DF OF 
 1 Rem Pitlick              Patrick Maroon           Cal Clutterbuck          25     1   2  2  
 2 Connor Brown             Chase De Leo             Raphael Lavoie           25     1   2  2  
 3 William Eklund           Samuel Fagemo            Adam Cracknell           25     1   2  2  
 4 Cal Clutterbuck          Rem Pitlick              Connor Brown             25     1   2  2  

5 vs 5 Defense 
   Defense                  Defense                                           Time % Phy DF OF 
 1 Yegor Zamula             Michael Kesselring                                25     1   2  2  
 2 David Jiricek            William Trudeau                                   25     1   2  2  
 3 Adam Ginning             Joseph Cecconi                                    25     1   2  2  
 4 Yegor Zamula             Michael Kesselring                                25     1   2  2  

PowerPlay Forward 
   Center                   Left Wing                Right Wing               Time % Phy DF OF 
 1 Rem Pitlick              Patrick Maroon           Cal Clutterbuck          60     1   2  2  
 2 William Eklund           Chase De Leo             Raphael Lavoie           40     1   2  2  

PowerPlay Defense
   Defense                  Defense                                           Time % Phy DF OF 
 1 Yegor Zamula             Michael Kesselring                                60     1   2  2  
 2 Adam Ginning             William Trudeau                                   40     1   2  2  

Penalty Kill 4 Players Forward 
   Center                   Wing                     Time % Phy DF OF 
 1 Raphael Lavoie           Patrick Maroon           60     1   2  2  
 2 Rem Pitlick              Cal Clutterbuck          40     1   2  2  

Penalty Kill 4 Players Defense
   Defense                  Defense                  Time % Phy DF OF 
 1 Yegor Zamula             Michael Kesselring       60     1   2  2  
 2 Adam Ginning             William Trudeau          40     1   2  2  

Penalty Kill - 3 Players Forward 
   Forward                                           Time % Phy DF OF 
 1 Rem Pitlick                                       60     1   2  2  
 2 Patrick Maroon                                    40     1   2  2  

Penalty Kill - 3 Players Defense
   Defense                  Defense                  Time % Phy DF OF 
 1 Yegor Zamula             Michael Kesselring       60     1   2  2  
 2 Joseph Cecconi           William Trudeau          40     1   2  2  

4 vs 4 Forward 
   Center                   Wing                     Time % Phy DF OF 
 1 Cal Clutterbuck          Patrick Maroon           60     1   2  2  
 2 Rem Pitlick              Raphael Lavoie           40     1   2  2  

4 vs 4 Defense
   Defense                  Defense                  Time % Phy DF OF 
 1 Yegor Zamula             Michael Kesselring       60     1   2  2  
 2 Adam Ginning             William Trudeau          40     1   2  2  

Last Minutes Offensive
   Center                   Left Wing                Right Wing               Defense                  Defense                  
   Rem Pitlick              Patrick Maroon           Cal Clutterbuck          Yegor Zamula             Michael Kesselring       

Last Minutes Defensive
   Center                   Left Wing                Right Wing               Defense                  Defense                  
   Rem Pitlick              Patrick Maroon           Cal Clutterbuck          Yegor Zamula             Michael Kesselring       

Goaltenders
Starting : Lukas Dostal             
Backup : Dustin Wolf              

Extra Forwards
Normal : Gemel Smith, William Eklund, Rem Pitlick - PP : Gemel Smith, William Eklund - PK : Rem Pitlick
Extra Defensemen
Normal : Adam Ginning, Yegor Zamula, Michael Kesselring - PP : Adam Ginning - PK : Michael Kesselring, Yegor Zamula
Penalty Shots
William Eklund, Patrick Maroon, Rem Pitlick, Cal Clutterbuck, Raphael Lavoie
Custom OT Lines Forwards
Cal Clutterbuck, Patrick Maroon, Rem Pitlick, Connor Brown, Raphael Lavoie, Chase De Leo, William Eklund, Adam Cracknell, Gemel Smith, Samuel Fagemo
Custom OT Lines Defensemen
Yegor Zamula, Michael Kesselring, Joseph Cecconi, William Trudeau, Adam Ginning

Scratches
Santtu Kinnunen (Healthy), Henri Nikkanen (Healthy), Brendan Perlini (Healthy), Tyce Thompson (Healthy), Hayden Hodgson (Healthy)
Navrin Mutter (Healthy), Gustav Olofsson (Healthy), Alexander Kisakov (Healthy), Andre Lee (Healthy), Carter Savoie (Healthy)
Jeremy McKenna (Healthy), Jeremy Davies (Healthy), Blade Jenkins (Healthy), Riley Sawchuk (Healthy), Michael Regush (Healthy)
Dylan Holloway (Healthy), Mitch Reinke (Healthy), Patrick Holway (Healthy), Rourke Chartier (Healthy), Joel Teasdale (Healthy)
Ben Copeland (Healthy), Michael O'Leary (Healthy), Peter Diliberatore (Healthy), Leevi Merilainen (Healthy), Vadim Zherenko (Healthy)
Remi Poirier (Healthy), Gage Alexander (Healthy), Joel Hofer (Healthy)

% Time on Ice - Heat

Lines # - Real PCT - Wanted PCT - Time Play
Normal Forward
1 - 24% - 25% - 10:51
2 - 26% - 25% - 11:31
3 - 26% - 25% - 11:36
4 - 24% - 25% - 10:37
Normal Defense
1 - 34% - 34% - 15:05
2 - 32% - 32% - 14:06
3 - 32% - 30% - 14:09
4 - 3% - 4% - 1:15
PP Forward
1 - 60% - 50% - 5:48
2 - 40% - 50% - 3:52
PP Defense
1 - 56% - 50% - 5:23
2 - 44% - 50% - 4:17
PK Forward
1 - 53% - 50% - 2:14
2 - 47% - 50% - 2:01
PK Defense
1 - 44% - 50% - 1:51
2 - 56% - 50% - 2:24
PK3 Forward
1 - 72% - 50% - 1:05
2 - 28% - 50% - 0:25
PK3 Defense
1 - 73% - 50% - 1:06
2 - 27% - 50% - 0:24
44 Forward
1 - 0% - 50%
2 - 0% - 50%
44 Defense
1 - 0% - 50%
2 - 0% - 50%
Last Minute Offensive  - 0:00
Last Minute Defensive  - 0:00
Total
Forward - 60:00
Defense - 60:00

% Time on Ice - Silver Tips

Lines # - Real PCT - Wanted PCT - Time Play
Normal Forward
1 - 23% - 25% - 10:08
2 - 26% - 25% - 11:37
3 - 39% - 25% - 17:16
4 - 12% - 25% - 5:34
Normal Defense
1 - 23% - 25% - 10:17
2 - 31% - 25% - 13:39
3 - 29% - 25% - 13:07
4 - 17% - 25% - 7:32
PP Forward
1 - 42% - 60% - 2:24
2 - 58% - 40% - 3:21
PP Defense
1 - 42% - 60% - 2:24
2 - 58% - 40% - 3:21
PK Forward
1 - 74% - 60% - 7:10
2 - 26% - 40% - 2:30
PK Defense
1 - 55% - 60% - 5:20
2 - 45% - 40% - 4:20
PK3 Forward
1 - 0% - 60%
2 - 0% - 40%
PK3 Defense
1 - 0% - 60%
2 - 0% - 40%
44 Forward
1 - 0% - 60%
2 - 0% - 40%
44 Defense
1 - 0% - 60%
2 - 0% - 40%
Last Minute Offensive  - 0:00
Last Minute Defensive  - 0:00
Total
Forward - 60:00
Defense - 60:00

Play-by-Play

1st period


0:01 of 1st period - Sam Gagner wins face-off versus Rem Pitlick in neutral zone.
0:08 of 1st period - Shot by Andrew Agozzino.
0:08 of 1st period - Deflect By Sam Gagner.
0:08 of 1st period - Shot Misses the Net.
0:13 of 1st period - Icing by Cal Clutterbuck.
0:14 of 1st period - Zac Dalpe wins face-off versus Rem Pitlick in Silver Tips zone.
0:43 of 1st period - Michael Kesselring is hit by Zac Dalpe and loses puck.
2:02 of 1st period - Jayson Megna is hit by Patrick Maroon.
2:31 of 1st period - Off-side.
2:32 of 1st period - William Eklund wins face-off versus Andrew Agozzino in neutral zone.
2:35 of 1st period - Radim Simek is hit by Adam Cracknell.
2:51 of 1st period - Radim Simek is hit by William Eklund and loses puck.
3:09 of 1st period - Icing by William Eklund.
3:10 of 1st period - William Eklund wins face-off versus Zac Dalpe in Silver Tips zone.
3:10 of 1st period - William Eklund is hit by Chris Terry.
3:17 of 1st period - William Eklund is hit by Jacob Bernard-Docker and loses puck.
3:28 of 1st period - William Eklund is hit by Filip Roos.
4:10 of 1st period - Chase De Leo is hit by Jacob Bernard-Docker and loses puck.
4:21 of 1st period - Samuel Fagemo is hit by Anthony Richard.
4:26 of 1st period - Gemel Smith is hit by Jacob Bernard-Docker and loses puck.
4:55 of 1st period - Shot by Tanner Kero.
4:55 of 1st period - Stopped by Lukas Dostal without a rebound.
4:56 of 1st period - Connor Brown wins face-off versus Andrew Agozzino in Silver Tips zone.
6:41 of 1st period - Icing by Michael Kesselring.
6:42 of 1st period - Tanner Kero wins face-off versus William Eklund in Silver Tips zone.
6:47 of 1st period - Shot by Tyler Pitlick.
6:47 of 1st period - Shot Blocked by Michael Kesselring.
7:08 of 1st period - Shot by Tanner Kero.
7:08 of 1st period - Deflect By Tyler Pitlick.
7:08 of 1st period - Stopped by Lukas Dostal without a rebound.
7:09 of 1st period - Rem Pitlick wins face-off versus Andrew Agozzino in Silver Tips zone.
7:28 of 1st period - Shot by Cameron Hughes.
7:28 of 1st period - Shot Blocked by Joseph Cecconi.
7:30 of 1st period - Shot by Filip Roos.
7:30 of 1st period - Stopped by Lukas Dostal with a rebound.
8:02 of 1st period - Shot by Nathan Walker.
8:02 of 1st period - Stopped by Lukas Dostal without a rebound.
8:03 of 1st period - Connor Brown wins face-off versus Tanner Kero in Silver Tips zone.
8:09 of 1st period - Off-side.
8:10 of 1st period - Connor Brown wins face-off versus Tanner Kero in neutral zone.
8:24 of 1st period - Shot by Max McCormick.
8:24 of 1st period - Shot Misses the Net.
8:26 of 1st period - Shot by Tyler Pitlick.
8:26 of 1st period - Stopped by Lukas Dostal with a rebound.
8:28 of 1st period - Shot by Marcus Bjork.
8:28 of 1st period - Shot Misses the Net.
8:30 of 1st period - Shot by Tanner Kero.
8:30 of 1st period - Shot Misses the Net.
8:32 of 1st period - Shot by Tanner Kero.
8:32 of 1st period - Shot Misses the Net.
8:50 of 1st period - Icing by David Jiricek.
8:51 of 1st period - Connor Brown wins face-off versus Jayson Megna in Silver Tips zone.
8:51 of 1st period - Connor Brown is hit by Nathan Walker.
9:03 of 1st period - Shot by Jayson Megna.
9:03 of 1st period - Deflect By Georgii Merkulov.
9:03 of 1st period - Stopped by Lukas Dostal without a rebound.
9:04 of 1st period - William Eklund wins face-off versus Zac Dalpe in Silver Tips zone.
9:11 of 1st period - Joseph Cecconi is hit by Zac Dalpe and loses puck.
9:18 of 1st period - Shot by Zac Dalpe.
9:18 of 1st period - Goal by Zac Dalpe - Heat : 1 - Silver Tips : 0.
9:19 of 1st period - Georgii Merkulov wins face-off versus Patrick Maroon in neutral zone.
9:19 of 1st period - Minor Penalty to Patrick Maroon for Roughing.
9:20 of 1st period - Andrew Agozzino wins face-off versus Raphael Lavoie in Silver Tips zone.
10:01 of 1st period - Off-side.
10:02 of 1st period - Raphael Lavoie wins face-off versus Zac Dalpe in neutral zone.
10:35 of 1st period - Shot by Filip Roos.
10:35 of 1st period - Stopped by Lukas Dostal without a rebound.
10:36 of 1st period - Andrew Agozzino wins face-off versus Raphael Lavoie in Silver Tips zone.
10:42 of 1st period - Shot by Max McCormick.
10:42 of 1st period - Stopped by Lukas Dostal without a rebound.
10:43 of 1st period - Raphael Lavoie wins face-off versus Andrew Agozzino in Silver Tips zone.
12:09 of 1st period - Icing by Cal Clutterbuck.
12:10 of 1st period - Zac Dalpe wins face-off versus Rem Pitlick in Silver Tips zone.
13:11 of 1st period - Shot by Tanner Kero.
13:11 of 1st period - Stopped by Lukas Dostal without a rebound.
13:12 of 1st period - William Eklund wins face-off versus Andrew Agozzino in Silver Tips zone.
13:32 of 1st period - Sam Gagner is hit by William Trudeau.
13:52 of 1st period - Icing by Sam Gagner.
13:53 of 1st period - Gemel Smith wins face-off versus Andrew Agozzino in Heat zone.
13:53 of 1st period - Gemel Smith is hit by Radim Simek.
13:59 of 1st period - Shot by Chase De Leo.
13:59 of 1st period - Stopped by Calvin Pickard without a rebound.
14:00 of 1st period - Connor Brown wins face-off versus Tanner Kero in Heat zone.
14:00 of 1st period - Connor Brown is hit by Jaycob Megna.
14:54 of 1st period - William Trudeau is hit by Nathan Walker and loses puck.
14:58 of 1st period - Icing by William Trudeau.
14:59 of 1st period - Zac Dalpe wins face-off versus William Eklund in Silver Tips zone.
15:07 of 1st period - Off-side.
15:08 of 1st period - Georgii Merkulov wins face-off versus Rem Pitlick in neutral zone.
15:23 of 1st period - Shot by Patrick Maroon.
15:23 of 1st period - Goal by Patrick Maroon - Heat : 1 - Silver Tips : 1.
15:24 of 1st period - Andrew Agozzino wins face-off versus Connor Brown in neutral zone.
15:44 of 1st period - Shot by Connor Brown.
15:44 of 1st period - Stopped by Calvin Pickard with a rebound.
15:48 of 1st period - Shot by Chase De Leo.
15:48 of 1st period - Stopped by Calvin Pickard with a rebound.
16:00 of 1st period - Shot by Andrew Agozzino.
16:00 of 1st period - Shot Misses the Net.
16:05 of 1st period - Icing by Joseph Cecconi.
16:06 of 1st period - Tanner Kero wins face-off versus Connor Brown in Silver Tips zone.
16:32 of 1st period - Icing by Cam York.
16:33 of 1st period - Tanner Kero wins face-off versus Rem Pitlick in Heat zone.
16:33 of 1st period - Tanner Kero is hit by Cal Clutterbuck.
17:47 of 1st period - Icing by William Eklund.
17:48 of 1st period - William Eklund wins face-off versus Georgii Merkulov in Silver Tips zone.
18:09 of 1st period - Shot by Nathan Walker.
18:09 of 1st period - Shot Misses the Net.
18:23 of 1st period - Shot by Georgii Merkulov.
18:23 of 1st period - Shot Blocked by William Eklund.
18:34 of 1st period - David Jiricek is hit by Radim Simek and loses puck.
18:43 of 1st period - Adam Cracknell is hit by Andrew Agozzino and loses puck.
18:53 of 1st period - William Trudeau is hit by Radim Simek and loses puck.
19:04 of 1st period - Shot by Andrew Agozzino.
19:04 of 1st period - Goal by Andrew Agozzino - Heat : 2 - Silver Tips : 1.
19:05 of 1st period - Rem Pitlick wins face-off versus Zac Dalpe in neutral zone.
19:07 of 1st period - Yegor Zamula is hit by Zac Dalpe and loses puck.
19:23 of 1st period - Minor Penalty to Patrick Maroon for Roughing.
19:24 of 1st period - Andrew Agozzino wins face-off versus Raphael Lavoie in Silver Tips zone.
19:39 of 1st period - Shot by Marcus Bjork.
19:39 of 1st period - Shot Blocked by Chase De Leo.
19:41 of 1st period - Shot by Filip Roos.
19:41 of 1st period - Shot Misses the Net.
19:43 of 1st period - Shot by Marcus Bjork.
19:43 of 1st period - Shot Misses the Net.
Goals for this period are 2 for Heat vs 1 for Silver Tips.
Shots for this period are 11 for Heat vs 4 for Silver Tips.

2nd period


0:01 of 2nd period - Raphael Lavoie wins face-off versus Anthony Richard in neutral zone.
0:18 of 2nd period - Shot by Marcus Bjork.
0:18 of 2nd period - Shot Misses the Net.
0:20 of 2nd period - Shot by Chris Terry.
0:20 of 2nd period - Stopped by Lukas Dostal without a rebound.
0:21 of 2nd period - Andrew Agozzino wins face-off versus Raphael Lavoie in Silver Tips zone.
0:40 of 2nd period - Shot by Sam Gagner.
0:40 of 2nd period - Stopped by Lukas Dostal without a rebound.
0:41 of 2nd period - Raphael Lavoie wins face-off versus Anthony Richard in Silver Tips zone.
0:41 of 2nd period - Raphael Lavoie is hit by Chris Terry.
1:01 of 2nd period - Shot by Marcus Bjork.
1:01 of 2nd period - Stopped by Lukas Dostal with a rebound.
1:03 of 2nd period - Shot by Anthony Richard.
1:03 of 2nd period - Stopped by Lukas Dostal without a rebound.
1:04 of 2nd period - Andrew Agozzino wins face-off versus Rem Pitlick in Silver Tips zone.
1:05 of 2nd period - Shot by Cam York.
1:05 of 2nd period - Stopped by Lukas Dostal without a rebound.
1:06 of 2nd period - Rem Pitlick wins face-off versus Andrew Agozzino in Silver Tips zone.
1:06 of 2nd period - Rem Pitlick is hit by Max McCormick.
1:20 of 2nd period - Shot by Jaycob Megna.
1:20 of 2nd period - Shot Blocked by William Trudeau.
1:30 of 2nd period - William Eklund is hit by Georgii Merkulov and loses puck.
2:10 of 2nd period - Minor Penalty to Michael Kesselring for Interference.
2:11 of 2nd period - Raphael Lavoie wins face-off versus Zac Dalpe in Silver Tips zone.
2:46 of 2nd period - Shot by Zac Dalpe.
2:46 of 2nd period - Shot Misses the Net.
3:03 of 2nd period - Icing by Sam Gagner.
3:04 of 2nd period - Andrew Agozzino wins face-off versus Cal Clutterbuck in Heat zone.
3:46 of 2nd period - Off-side.
3:47 of 2nd period - Raphael Lavoie wins face-off versus Zac Dalpe in neutral zone.
3:50 of 2nd period - Zac Dalpe is hit by Patrick Maroon and loses puck.
4:14 of 2nd period - Icing by Samuel Fagemo.
4:15 of 2nd period - William Eklund wins face-off versus Jayson Megna in Silver Tips zone.
4:32 of 2nd period - Shot by Jayson Megna.
4:32 of 2nd period - Shot Misses the Net.
5:10 of 2nd period - Shot by Max McCormick.
5:10 of 2nd period - Stopped by Lukas Dostal without a rebound.
5:11 of 2nd period - Zac Dalpe wins face-off versus Connor Brown in Silver Tips zone.
5:30 of 2nd period - Shot by Connor Brown.
5:30 of 2nd period - Stopped by Calvin Pickard with a rebound.
6:00 of 2nd period - Shot by Andrew Agozzino.
6:00 of 2nd period - Shot Blocked by Yegor Zamula.
6:02 of 2nd period - Shot by Andrew Agozzino.
6:02 of 2nd period - Stopped by Lukas Dostal with a rebound.
6:46 of 2nd period - Off-side.
6:47 of 2nd period - Tanner Kero wins face-off versus Connor Brown in neutral zone.
7:01 of 2nd period - Icing by Adam Ginning.
7:02 of 2nd period - Georgii Merkulov wins face-off versus Connor Brown in Silver Tips zone.
7:22 of 2nd period - Icing by Radim Simek.
7:23 of 2nd period - Georgii Merkulov wins face-off versus Rem Pitlick in Heat zone.
8:59 of 2nd period - Shot by Raphael Lavoie.
8:59 of 2nd period - Shot Blocked by Filip Roos.
9:01 of 2nd period - Shot by Adam Ginning.
9:01 of 2nd period - Shot Misses the Net.
9:03 of 2nd period - Shot by Raphael Lavoie.
9:03 of 2nd period - Goal by Raphael Lavoie - Heat : 2 - Silver Tips : 2.
9:04 of 2nd period - Connor Brown wins face-off versus Andrew Agozzino in neutral zone.
9:41 of 2nd period - Shot by Andrew Agozzino.
9:41 of 2nd period - Stopped by Lukas Dostal with a rebound.
10:01 of 2nd period - Shot by David Jiricek.
10:01 of 2nd period - Shot Blocked by Jacob Bernard-Docker.
10:03 of 2nd period - Shot by Patrick Maroon.
10:03 of 2nd period - Shot Misses the Net.
10:05 of 2nd period - Shot by Cal Clutterbuck.
10:05 of 2nd period - Stopped by Calvin Pickard without a rebound.
10:06 of 2nd period - William Eklund wins face-off versus Georgii Merkulov in Heat zone.
10:11 of 2nd period - Shot by William Eklund.
10:11 of 2nd period - Shot Misses the Net.
10:19 of 2nd period - Shot by Adam Cracknell.
10:19 of 2nd period - Stopped by Calvin Pickard without a rebound.
10:20 of 2nd period - Zac Dalpe wins face-off versus Rem Pitlick in Heat zone.
10:25 of 2nd period - William Trudeau is hit by Anthony Richard and loses puck.
10:31 of 2nd period - Off-side.
10:32 of 2nd period - Samuel Fagemo wins face-off versus Tanner Kero in neutral zone.
10:40 of 2nd period - Icing by Cam York.
10:41 of 2nd period - Rem Pitlick wins face-off versus Tanner Kero in Heat zone.
11:34 of 2nd period - Connor Brown is hit by Jaycob Megna and loses puck.
12:29 of 2nd period - Icing by Filip Roos.
12:30 of 2nd period - Zac Dalpe wins face-off versus Rem Pitlick in Heat zone.
12:56 of 2nd period - Off-side.
12:57 of 2nd period - Cameron Hughes wins face-off versus William Eklund in neutral zone.
13:13 of 2nd period - Shot by William Eklund.
13:13 of 2nd period - Shot Misses the Net.
13:20 of 2nd period - Marcus Bjork is hit by Samuel Fagemo and loses puck.
13:21 of 2nd period - Minor Penalty to Adam Cracknell for Roughing.
13:22 of 2nd period - Raphael Lavoie wins face-off versus Andrew Agozzino in Silver Tips zone.
13:22 of 2nd period - Raphael Lavoie is hit by Max McCormick.
14:02 of 2nd period - Off-side.
14:03 of 2nd period - Zac Dalpe wins face-off versus Rem Pitlick in neutral zone.
14:16 of 2nd period - Shot by Zac Dalpe.
14:16 of 2nd period - Shot Blocked by Michael Kesselring.
14:26 of 2nd period - Shot by Marcus Bjork.
14:26 of 2nd period - Stopped by Lukas Dostal with a rebound.
14:58 of 2nd period - Shot by Jaycob Megna.
14:58 of 2nd period - Shot Misses the Net.
15:00 of 2nd period - Shot by Andrew Agozzino.
15:00 of 2nd period - Stopped by Lukas Dostal without a rebound.
15:01 of 2nd period - Andrew Agozzino wins face-off versus William Eklund in Silver Tips zone.
15:21 of 2nd period - Icing by Max McCormick.
15:22 of 2nd period - Georgii Merkulov wins face-off versus Cal Clutterbuck in Heat zone.
15:54 of 2nd period - Shot by Rem Pitlick.
15:54 of 2nd period - Shot Misses the Net.
16:32 of 2nd period - Shot by William Eklund.
16:32 of 2nd period - Shot Misses the Net.
16:39 of 2nd period - Off-side.
16:40 of 2nd period - Gemel Smith wins face-off versus Tanner Kero in neutral zone.
16:44 of 2nd period - Michael Kesselring is hit by Tyler Pitlick and loses puck.
17:09 of 2nd period - Shot by Tanner Kero.
17:09 of 2nd period - Shot Blocked by Raphael Lavoie.
17:11 of 2nd period - Shot by Tyler Pitlick.
17:11 of 2nd period - Shot Misses the Net.
17:55 of 2nd period - Icing by Filip Roos.
17:56 of 2nd period - Andrew Agozzino wins face-off versus William Eklund in Heat zone.
18:07 of 2nd period - Shot by Jacob Bernard-Docker.
18:07 of 2nd period - Stopped by Lukas Dostal without a rebound.
18:08 of 2nd period - Zac Dalpe wins face-off versus Cal Clutterbuck in Silver Tips zone.
18:40 of 2nd period - Icing by Connor Brown.
18:41 of 2nd period - Cal Clutterbuck wins face-off versus Max McCormick in Silver Tips zone.
19:02 of 2nd period - Icing by David Jiricek.
19:03 of 2nd period - Cal Clutterbuck wins face-off versus Cameron Hughes in Silver Tips zone.
19:15 of 2nd period - Icing by Filip Roos.
19:16 of 2nd period - William Eklund wins face-off versus Andrew Agozzino in Heat zone.
19:31 of 2nd period - Shot by Adam Cracknell.
19:31 of 2nd period - Shot Misses the Net.
19:43 of 2nd period - Shot by Adam Cracknell.
19:43 of 2nd period - Shot Misses the Net.
Goals for this period are 0 for Heat vs 1 for Silver Tips.
Shots for this period are 11 for Heat vs 4 for Silver Tips.
0:00 of 3rd period - Icing by Filip Roos.

3rd period


0:01 of 3rd period - Cal Clutterbuck wins face-off versus Zac Dalpe in neutral zone.
0:03 of 3rd period - Off-side.
0:04 of 3rd period - Zac Dalpe wins face-off versus Cal Clutterbuck in neutral zone.
0:16 of 3rd period - Shot by Anthony Richard.
0:16 of 3rd period - Stopped by Lukas Dostal with a rebound.
0:18 of 3rd period - Shot by Zac Dalpe.
0:18 of 3rd period - Shot Blocked by Rem Pitlick.
0:20 of 3rd period - Shot by Anthony Richard.
0:20 of 3rd period - Shot Blocked by Michael Kesselring.
0:22 of 3rd period - Shot by Chris Terry.
0:22 of 3rd period - Stopped by Lukas Dostal with a rebound.
0:24 of 3rd period - Shot by Cam York.
0:24 of 3rd period - Stopped by Lukas Dostal without a rebound.
0:25 of 3rd period - Georgii Merkulov wins face-off versus William Eklund in Silver Tips zone.
0:25 of 3rd period - Georgii Merkulov is hit by Adam Ginning.
0:43 of 3rd period - Shot by Jayson Megna.
0:43 of 3rd period - Stopped by Lukas Dostal without a rebound.
0:44 of 3rd period - Max McCormick wins face-off versus Cal Clutterbuck in Silver Tips zone.
1:13 of 3rd period - Icing by Tanner Kero.
1:14 of 3rd period - Samuel Fagemo wins face-off versus Tanner Kero in Heat zone.
1:19 of 3rd period - Shot by William Eklund.
1:19 of 3rd period - Shot Misses the Net.
1:27 of 3rd period - Shot by Samuel Fagemo.
1:27 of 3rd period - Shot Misses the Net.
2:10 of 3rd period - Chase De Leo is hit by Max McCormick and loses puck.
2:22 of 3rd period - Minor Penalty to Anthony Richard for Interference.
2:23 of 3rd period - Rem Pitlick wins face-off versus Georgii Merkulov in Heat zone.
2:26 of 3rd period - Shot by Cal Clutterbuck.
2:26 of 3rd period - Shot Blocked by Marcus Bjork.
2:28 of 3rd period - Shot by Yegor Zamula.
2:28 of 3rd period - Stopped by Calvin Pickard without a rebound.
2:29 of 3rd period - Georgii Merkulov wins face-off versus Rem Pitlick in Heat zone.
3:18 of 3rd period - Shot by William Eklund.
3:18 of 3rd period - Stopped by Calvin Pickard without a rebound.
3:19 of 3rd period - William Eklund wins face-off versus Georgii Merkulov in Heat zone.
3:36 of 3rd period - Shot by Raphael Lavoie.
3:36 of 3rd period - Stopped by Calvin Pickard with a rebound.
3:38 of 3rd period - Shot by Chase De Leo.
3:38 of 3rd period - Shot Misses the Net.
3:40 of 3rd period - Shot by Chase De Leo.
3:40 of 3rd period - Goal by Chase De Leo - Heat : 2 - Silver Tips : 3.
3:41 of 3rd period - William Eklund wins face-off versus Zac Dalpe in neutral zone.
3:52 of 3rd period - Shot by William Eklund.
3:52 of 3rd period - Stopped by Calvin Pickard without a rebound.
3:53 of 3rd period - Andrew Agozzino wins face-off versus Cal Clutterbuck in Heat zone.
4:02 of 3rd period - Shot by Cal Clutterbuck.
4:02 of 3rd period - Stopped by Calvin Pickard with a rebound.
4:30 of 3rd period - Shot by Cameron Hughes.
4:30 of 3rd period - Stopped by Lukas Dostal with a rebound.
5:52 of 3rd period - Shot by Chris Terry.
5:52 of 3rd period - Stopped by Lukas Dostal with a rebound.
6:29 of 3rd period - Icing by Max McCormick.
6:30 of 3rd period - Tanner Kero wins face-off versus Connor Brown in Heat zone.
7:43 of 3rd period - Shot by Andrew Agozzino.
7:43 of 3rd period - Stopped by Lukas Dostal without a rebound.
7:44 of 3rd period - Nathan Walker wins face-off versus Rem Pitlick in Silver Tips zone.
7:44 of 3rd period - Georgii Merkulov is hit by Michael Kesselring and loses puck.
7:50 of 3rd period - Off-side.
7:51 of 3rd period - Zac Dalpe wins face-off versus Rem Pitlick in neutral zone.
7:53 of 3rd period - Off-side.
7:54 of 3rd period - Georgii Merkulov wins face-off versus Rem Pitlick in neutral zone.
8:04 of 3rd period - Shot by Rem Pitlick.
8:04 of 3rd period - Shot Misses the Net.
8:19 of 3rd period - Shot by Nathan Walker.
8:19 of 3rd period - Deflect By Georgii Merkulov.
8:19 of 3rd period - Stopped by Lukas Dostal without a rebound.
8:20 of 3rd period - Zac Dalpe wins face-off versus William Eklund in Silver Tips zone.
8:20 of 3rd period - Zac Dalpe is hit by Adam Ginning.
8:43 of 3rd period - Shot by William Eklund.
8:43 of 3rd period - Stopped by Calvin Pickard without a rebound.
8:44 of 3rd period - Connor Brown wins face-off versus Andrew Agozzino in Heat zone.
8:51 of 3rd period - Shot by Sam Gagner.
8:51 of 3rd period - Stopped by Lukas Dostal with a rebound.
9:01 of 3rd period - Shot by Andrew Agozzino.
9:01 of 3rd period - Stopped by Lukas Dostal with a rebound.
9:03 of 3rd period - Shot by Andrew Agozzino.
9:03 of 3rd period - Shot Misses the Net.
9:46 of 3rd period - Icing by Filip Roos.
9:47 of 3rd period - Georgii Merkulov wins face-off versus Rem Pitlick in Heat zone.
10:49 of 3rd period - Shot by Zac Dalpe.
10:49 of 3rd period - Deflect By Anthony Richard.
10:49 of 3rd period - Stopped by Lukas Dostal with a rebound.
10:51 of 3rd period - Shot by Radim Simek.
10:51 of 3rd period - Stopped by Lukas Dostal with a rebound.
11:15 of 3rd period - Shot by Tanner Kero.
11:15 of 3rd period - Shot Misses the Net.
11:25 of 3rd period - Shot by Cam York.
11:25 of 3rd period - Shot Misses the Net.
11:27 of 3rd period - Shot by Tyler Pitlick.
11:27 of 3rd period - Shot Misses the Net.
11:37 of 3rd period - Shot by Tyler Pitlick.
11:37 of 3rd period - Stopped by Lukas Dostal without a rebound.
11:38 of 3rd period - William Eklund wins face-off versus Andrew Agozzino in Silver Tips zone.
11:38 of 3rd period - William Eklund is hit by Andrew Agozzino.
11:45 of 3rd period - Minor Penalty to Filip Roos for Holding.
11:46 of 3rd period - Raphael Lavoie wins face-off versus Georgii Merkulov in Heat zone.
11:55 of 3rd period - Shot by Chase De Leo.
11:55 of 3rd period - Shot Misses the Net.
11:57 of 3rd period - Shot by Chase De Leo.
11:57 of 3rd period - Shot Misses the Net.
12:14 of 3rd period - Minor Penalty to Tanner Kero for Hooking.
12:15 of 3rd period - William Eklund wins face-off versus Georgii Merkulov in Heat zone.
12:31 of 3rd period - Shot by William Eklund.
12:31 of 3rd period - Shot Misses the Net.
12:33 of 3rd period - Shot by Adam Ginning.
12:33 of 3rd period - Shot Misses the Net.
12:35 of 3rd period - Shot by William Eklund.
12:35 of 3rd period - Shot Misses the Net.
12:37 of 3rd period - Shot by Raphael Lavoie.
12:37 of 3rd period - Deflect By William Eklund.
12:37 of 3rd period - Shot Misses the Net.
12:39 of 3rd period - Shot by Raphael Lavoie.
12:39 of 3rd period - Stopped by Calvin Pickard without a rebound.
12:40 of 3rd period - Gemel Smith wins face-off versus Tyler Pitlick in Heat zone.
13:06 of 3rd period - Icing by Adam Ginning.
13:07 of 3rd period - Gemel Smith wins face-off versus Tyler Pitlick in Silver Tips zone.
14:29 of 3rd period - Shot by Anthony Richard.
14:29 of 3rd period - Shot Blocked by Joseph Cecconi.
14:41 of 3rd period - Shot by Anthony Richard.
14:41 of 3rd period - Deflect By Chris Terry.
14:41 of 3rd period - Stopped by Lukas Dostal without a rebound.
14:42 of 3rd period - Connor Brown wins face-off versus Andrew Agozzino in Silver Tips zone.
14:47 of 3rd period - Shot by Jacob Bernard-Docker.
14:47 of 3rd period - Stopped by Lukas Dostal without a rebound.
14:48 of 3rd period - William Eklund wins face-off versus Georgii Merkulov in Silver Tips zone.
15:02 of 3rd period - Off-side.
15:03 of 3rd period - Connor Brown wins face-off versus Zac Dalpe in neutral zone.
15:08 of 3rd period - Shot by Chase De Leo.
15:08 of 3rd period - Stopped by Calvin Pickard with a rebound.
15:10 of 3rd period - Shot by Chase De Leo.
15:10 of 3rd period - Stopped by Calvin Pickard without a rebound.
15:10 of 3rd period - Minor Penalty to Calvin Pickard for Slashing.
15:11 of 3rd period - Tanner Kero wins face-off versus Raphael Lavoie in Heat zone.
17:22 of 3rd period - Icing by Chris Terry.
17:23 of 3rd period - William Eklund wins face-off versus Zac Dalpe in Heat zone.
17:58 of 3rd period - Shot by Andrew Agozzino.
17:58 of 3rd period - Deflect By Cameron Hughes.
17:58 of 3rd period - Shot Misses the Net.
18:12 of 3rd period - Shot by Cal Clutterbuck.
18:12 of 3rd period - Stopped by Calvin Pickard without a rebound.
18:13 of 3rd period - Georgii Merkulov wins face-off versus Rem Pitlick in Heat zone.
18:13 of 3rd period - Jayson Megna is hit by Patrick Maroon and loses puck.
18:15 of 3rd period - Minor Penalty to Cal Clutterbuck for Hooking.
18:16 of 3rd period - Andrew Agozzino wins face-off versus Raphael Lavoie in Silver Tips zone.
18:23 of 3rd period - Shot by Sam Gagner.
18:23 of 3rd period - Stopped by Lukas Dostal with a rebound.
18:53 of 3rd period - Shot by Jaycob Megna.
18:53 of 3rd period - Stopped by Lukas Dostal with a rebound.
19:09 of 3rd period - Heat, Calvin Pickard is pulled from the net.
Goals for this period are 0 for Heat vs 1 for Silver Tips.
Shots for this period are 17 for Heat vs 11 for Silver Tips.